 Dungeon Crawl Stone Soup version 0.31.0-32-g396128a36d (webtiles) character file.

Game seed: 7268485166742887296

3262 BroomstickBard the Mimic (level 9, -6/74 HPs)
             Began as a Demonspawn Shapeshifter on Mar 30, 2024.
             Was an Initiate of Gozag.
             Killed from afar by an acid dragon (13 damage)
             ... with a splash of acid
             ... on level 8 of the Dungeon.
             The game lasted 00:10:17 (7558 turns).

BroomstickBard the Mimic (Demonspawn Shapeshifter)  Turns: 7558, Time: 00:10:17

Health: -6/74      AC:  3    Str: 18    XL:     9   Next: 68%
Magic:  9/9        EV: 11    Int: 17    God:    Gozag
Gold:   1915       SH:  0    Dex: 13    Spells: 8/8 levels left

rFire   . . .        f - +7 quarterstaff
rCold   . . .        (shield currently unavailable)
rNeg    . . .        p - +0 ring mail
rPois   .            (helmet currently unavailable)
rElec   .            (cloak currently unavailable)
rCorr   +            (gloves currently unavailable)
SInv    .            (boots currently unavailable)
Will    .....        (no amulet)
Stlth   +            R - ring of resist corrosion
HPRegen 0.32/turn    I - +6 ring of intelligence
MPRegen 0.11/turn

%: no passive effects
@: beast-form, corroded
A: beast (slay +4), antennae 1, yellow scales 1, spiny 1, demonic magic 1
a: Begin Untransformation, Renounce Religion, Potion Petition, Call Merchant,
Bribe Branch


You were on level 8 of the Dungeon.
You worshipped Gozag.
Gozag was most pleased with you.
You were a hulking beast.
You visited 1 branch of the dungeon, and saw 8 of its levels.
You also visited: Ossuary.

You collected 1978 gold pieces.
You spent 36 gold pieces at shops.
You paid 27 gold pieces to Gozag.


Innate Abilities, Weirdness & Mutations

You are a hulking beast.
Your limbs bulge with bestial killing power. (Slay +4)
You have a pair of small antennae on your head.
You are partially covered in yellow scales. (AC +2)
You are partially covered in sharp spines.
Spells you cast may paralyse adjacent enemies.


   Skills:
 - Level 8.0 Fighting
 - Level 1.4 Staves
 - Level 1.7 Dodging
 - Level 6.0 Unarmed Combat
 + Level 8.4 Shapeshifting


You had 8 spell levels left.
You didn't know any spells.
Your spell library contained the following spells:

 Spells                   Type           Power      Damage    Failure   Level
 Apportation              Tloc           0%         N/A       38%         1
 Blink                    Tloc           0%         N/A       54%         2
 Jinxbite                 Hex            0%         N/A       54%         2
 Lesser Beckoning         Tloc           0%         N/A       54%         2
 Momentum Strike          Conj/Tloc      0%         3d8       54%         2
 Gell's Gravitas          Tloc           0%         N/A       77%         3
 Teleport Other           Tloc           0%         N/A       77%         3
 Alistair's Intoxication  Alch           0%         N/A       100%        5
 Dispersal                Tloc           0%         N/A       100%        6

Inventory:

Hand Weapons
 f - a +7 quarterstaff (weapon)
Armour
 p - a +0 ring mail (worn)
 x - a +0 pair of boots
 y - a +0 scale mail of cold resistance
 H - a +0 cloak
Jewellery
 I - a +6 ring of intelligence (right hand)
 R - a ring of resist corrosion (left hand)
Talismans
 c - a beast talisman
 d - a flux talisman
 s - a blade talisman
Wands
 k - a wand of light (16)
 G - a wand of flame (7)
Scrolls
 a - a scroll of butterflies {unknown}
 e - 2 scrolls of immolation {unknown}
 h - 2 scrolls of poison {unknown}
 j - 2 scrolls of amnesia {unknown}
 n - 3 scrolls of fog {unknown}
 q - a scroll of noise {unknown}
 r - 2 scrolls of teleportation {unknown}
 t - a scroll of brand weapon {unknown}
 v - a scroll of vulnerability {unknown}
 w - a scroll of acquirement {unknown}
 z - a scroll of torment {unknown}
 E - a scroll of revelation {unknown}
 F - 2 scrolls of enchant armour {unknown}
Potions
 b - 2 potions of lignification
 i - a potion of enlightenment {unknown}
 l - a potion of ambrosia {unknown}
 m - 2 potions of mutation
 o - 2 potions of might
 u - 2 potions of brilliance
 A - 2 potions of attraction
 B - 2 potions of heal wounds {@q2}
 C - 2 potions of curing {@q1}
 D - a potion of haste {@q3}

Dungeon Overview and Level Annotations

Branches:
Dungeon (8/15)             Temple (0/1) D:6         Ossuary (visited)
   Lair: D:8-11

Altars:
Gozag
Okawaru
Qazlal
Vehumet
Wu Jian
Xom

Shops:
D:7

! .#.# ##..# .. #..
..# .. ##.. .# #..
.##.###... ... ...
..#......##..## .##
....S.#...#...#
.........#...##
#.....D.......#
#......h.....#
.........#.#...
##.........#
.#..........#
...#........# ##..
............#
...................#
................>^##
..#...............#


You could see a water moccasin and an acid dragon (catching breath).


Message History

The acid dragon spits acid at you. The splash of acid hits you! You resist.
You hear an angry hiss.
The acid dragon bites you. The acid dragon closely misses you.
You sock the acid dragon!
The acid dragon is moderately wounded.
The acid dragon bites you! The acid dragon closely misses you.
You sock the acid dragon!
The acid dragon is almost dead.
The acid dragon bites you!
* * * LOW HITPOINT WARNING * * *
The acid dragon claws you.
* * * LOW HITPOINT WARNING * * *
A water moccasin comes into view.
You barely miss the acid dragon.
The acid dragon is almost dead.
The acid dragon bites you.
* * * LOW HITPOINT WARNING * * *
The acid dragon claws you.
* * * LOW HITPOINT WARNING * * *
The acid dragon is struck by your spines.
The acid dragon bites you!
* * * LOW HITPOINT WARNING * * *
The acid dragon claws you but does no damage.
You completely miss the acid dragon.
The acid dragon is almost dead.
The acid dragon spits acid at you. The splash of acid hits you! You resist.
You die...
Your body crumbles into a pile of gold.

Skill      XL: |  1  2  3  4  5  6  7  8  9 |
---------------+----------------------------+-----
Fighting       | 2 3 4 5 7 8 |  8.0
Staves         | 1 |  1.4
Shapeshifting  | 3 4 5 6 8 |  8.4
Unarmed Combat | 3 4 5 6 |  6.0
Dodging        | |  1.7

Action                     |  1- 3 |  4- 6 |  7- 9 || total
---------------------------+-------+-------+-------++-------
  Melee: Unarmed           |    10 |       |       ||    10
         Quarterstaff      |    69 |   120 |   272 ||   461
    Use: Potion            |       |     3 |     3 ||     6
         Scroll            |       |       |     8 ||     8
   Stab: Sleeping          |     1 |       |       ||     1
         Distracted        |       |     1 |       ||     1
 Armour: Animal skin       |    25 |       |       ||    25
         Ring mail         |    17 |    77 |   195 ||   289
  Dodge: Dodged            |    32 |    44 |   140 ||   216

Levels and vault maps discovered:
D:1:      arrival_aquarium_a, layout_rooms, minmay_ruptured
D:2:      cheibrodos_fertilizer, layout_basic, basic_altar, minmay_misc_feat_iff
D:3:      minmay_angry_zag, layout_basic, chequers_serial_rivers_room_b
D:4:      layout_gridville
D:5:      cheibrodos_quashed, layout_loops_ring, nrook_mini_backslash
D:6:      layout_loops_corners, minmay_temple_entry_waves,
          nicolae_ossuary_entry_catacombs
D:7:      layout_basic, serial_shops, nicolae_lakefront_shop, chequers_garden
D:8:      layout_cave_pools, uniq_grum

Notes
Turn   | Place    | Note
-------+----------+-------------------------------------------
     0 | D:1      | BroomstickBard the Demonspawn Shapeshifter began the quest
                  | for the Orb.
     0 | D:1      | Reached XP level 1. HP: 15/15 MP: 1/1
     1 | D:1      | Noticed an electric eel
   121 | D:1      | Reached skill level 2 in Fighting
   137 | D:1      | Gained mutation: You are partially covered in yellow
                  | scales. (AC +2) [demonic ancestry]
   137 | D:1      | Reached XP level 2. HP: 22/22 MP: 2/2
   304 | D:1      | Reached skill level 1 in Staves
   467 | D:1      | Reached XP level 3. HP: 25/28 MP: 3/3
   671 | D:2      | Found an opulent altar of Gozag.
   694 | D:2      | Became a worshipper of Gozag Ym Sagoz the Greedy
  1312 | D:2      | Found a radiant altar of Vehumet.
  1312 | D:2      | Found a shimmering altar of Xom.
  1312 | D:2      | Found an ornate altar of the Wu Jian Council.
  1312 | D:2      | Found an iron altar of Okawaru.
  1312 | D:2      | Found a stormy altar of Qazlal.
  1315 | D:2      | Reached skill level 3 in Fighting
  1315 | D:2      | Reached skill level 3 in Shapeshifting
  1315 | D:2      | Gained mutation: You are partially covered in sharp spines.
                  | [demonic ancestry]
  1315 | D:2      | Reached XP level 4. HP: 30/35 MP: 4/4
  1317 | D:2      | Reached skill level 3 in Unarmed Combat
  1519 | D:3      | Gained mutation: Spells you cast may paralyse adjacent
                  | enemies. [demonic ancestry]
  1519 | D:3      | Reached XP level 5. HP: 41/41 MP: 5/5
  1947 | D:3      | You fall into a shaft and drop 2 floors!
  1947 | D:5      | Entered Level 5 of the Dungeon
  2492 | D:4      | Reached skill level 4 in Fighting
  2492 | D:4      | Reached XP level 6. HP: 44/48 MP: 6/6
  2866 | D:4      | Reached skill level 4 in Unarmed Combat
  3451 | D:5      | Reached skill level 4 in Shapeshifting
  3651 | D:5      | Reached XP level 7. HP: 55/55 MP: 7/7
  4083 | D:6      | Reached skill level 5 in Fighting
  4227 | D:6      | Found a sand-covered staircase.
  4234 | Ossuary  | Entered an ossuary
  4294 | Ossuary  | Reached skill level 5 in Unarmed Combat
  4919 | D:6      | Reached skill level 5 in Shapeshifting
  4919 | D:6      | Gained mutation: You have a pair of small antennae on your
                  | head. [demonic ancestry]
  4919 | D:6      | Reached XP level 8. HP: 58/64 MP: 8/8
  5098 | D:6      | Reached skill level 6 in Fighting
  5137 | D:6      | Found the +5 robe of Misfortune {Harm *Corrode *Slow EV+5}
  5347 | D:6      | Found a staircase to the Ecumenical Temple.
  5409 | D:6      | Reached skill level 6 in Unarmed Combat
  5935 | D:7      | Reached skill level 7 in Fighting
  6006 | D:7      | Reached skill level 6 in Shapeshifting
  6202 | D:7      | Reached XP level 9. HP: 57/72 MP: 9/9
  6583 | D:7      | Found Gorgh's Distillery.
  6712 | D:7      | Bought a potion of curing for 36 gold pieces
  6939 | D:8      | Reached skill level 8 in Fighting
  7031 | D:8      | Reached skill level 7 in Shapeshifting
  7150 | D:8      | Noticed Grum
  7169 | D:8      | Killed Grum
  7196 | D:8      | Reached skill level 8 in Shapeshifting
  7557 | D:8      | HP: 7/74 [acid dragon (14)]
  7558 | D:8      | Killed from afar by an acid dragon

Vanquished Creatures
  A wyvern (D:8)
  Grum (D:8)
  A water moccasin (D:6)
  5 orc warriors
  An ice beast (D:6)
  A black bear (D:5)
  3 wolves (D:8)
  A centaur (D:6)
  2 phantoms
  A kobold brigand (D:8)
  3 elf zombies (D:6)
  A bullfrog (D:7)
  2 scorpions (D:6)
  3 howler monkeys
  A bombardier beetle (D:3)
  6 jellies
  3 orc priests
  4 hounds
  A gnoll bouda (D:7)
  2 sleepcaps
  10 orc wizards
  8 mummies (Ossuary)
  5 gnolls (D:7)
  7 adders
  2 shadow imps
  A white imp (D:7)
  2 ufetubi (D:6)
  2 dart slugs
  A ribbon worm (D:3)
  45 orcs
  2 bats (D:1)
  18 endoplasms
  6 giant cockroaches
  11 goblins
  6 hobgoblins
  4 jackals
  17 kobolds
  6 quokkas
  6 ball pythons
  A frilled lizard (D:2)
  2 gnoll zombies (Ossuary)
  A hobgoblin zombie (Ossuary)
  4 kobold zombies (Ossuary)
  2 orc skeletons (D:6)
  2 orc zombies
  6 rats
220 creatures vanquished.

Table legend: (Time is in decaauts)
 A = Elapsed time spent in this place.
 B = Non-inter-level travel time spent in this place.
 C = Inter-level travel time spent in this place.
 D = Time resting spent in this place.
 E = Time spent auto-exploring this place.
 F = Levels seen in this place.
 G = Mean time per level.
                   A        B        C        D        E       F      G
               +--------+--------+--------+--------+--------+-----+--------+
         Total |   7648 |   7486 |    162 |    763 |   5302 |   9 |  849.8 |
       Dungeon |   6994 |   6832 |    162 |    531 |   5036 |   8 |  874.2 |
       Ossuary |    653 |    653 |      0 |    232 |    266 |   1 |  653.0 |
               +--------+--------+--------+--------+--------+-----+--------+

Top non-repeatable levels by time:
     D:6: 1140 daAuts
     D:7: 1066 daAuts
     D:3: 970 daAuts
     D:2: 898 daAuts
     D:4: 887 daAuts
     D:5: 802 daAuts
     D:8: 662 daAuts
 Ossuary: 653 daAuts
     D:1: 566 daAuts

Table legend:
 A = Non-vault XP
 B = Vault XP
 C = Vault XP percentage of total XP
 D = Non-vault monster count
 E = Vault monster count
 F = Vault count percentage of total count
                 A         B        C        D         E       F
            +---------+---------+-------+---------+---------+-------
      Total |    3551 |    1110 |  23.8 |     169 |      51 |  23.2
            +---------+---------+-------+---------+---------+-------
        D:1 |      38 |       4 |   9.5 |      22 |       2 |   8.3
        D:2 |      28 |     112 |  80.0 |      17 |      14 |  45.2
        D:3 |     124 |      15 |  10.8 |      13 |       9 |  40.9
        D:4 |     189 |       0 |   0.0 |      23 |       0 |   0.0
        D:5 |     408 |       0 |   0.0 |      17 |       0 |   0.0
        D:6 |     998 |     293 |  22.7 |      18 |       6 |  25.0
        D:7 |     906 |       0 |   0.0 |      36 |       0 |   0.0
        D:8 |     860 |     535 |  38.4 |      23 |       4 |  14.8
    Ossuary |       0 |     151 | 100.0 |       0 |      16 | 100.0
            +---------+---------+-------+---------+---------+-------
